 Dungeon Crawl Stone Soup version 0.29.1-12-g30fa7ad0bf (webtiles) character file.

Game seed: 4682613703069964081

65 xian the Vexing (level 3, 0/28 HPs)
             Began as a Draconian Arcane Marksman on Dec 22, 2022.
             Succumbed to a scorpion's poison
             ... on level 4 of the Dungeon.
             The game lasted 00:03:15 (1332 turns).

xian the Vexing (Draconian Arcane Marksman)         Turns: 1332, Time: 00:03:17

Health: 0/28       AC:  6    Str: 14    XL:     3   Next: 92%
Magic:  3/4        EV: 12    Int: 13    God:
Gold:   184        SH:  0    Dex: 11    Spells: 3/4 levels left

rFire   . . .      SeeInvis .   a - +1 sling
rCold   . . .      Faith    .   (no shield)
rNeg    . . .      Spirit   .   (body armour unavailable)
rPois   .          Reflect  .   g - +1 hat
rElec   .          Harm     .   (no cloak)
rCorr   .          Rampage  .   (no gloves)
Will    .....                   (no boots)
Stlth   +.........              (no amulet)
HPRegen 0.09/turn               (no ring)
MPRegen 0.09/turn               (no ring)

@: lethally poisoned (0 -> -8)
A: AC +5, unfitting armour, cold-blooded
a: no special abilities


You were on level 4 of the Dungeon.
You visited 1 branch of the dungeon, and saw 4 of its levels.

You collected 184 gold pieces.

Inventory:

Hand Weapons
 a - a +1 sling (weapon)
 j - a +0 dagger of holy wrath
Armour
 g - a +1 hat (worn)
Scrolls
 b - 3 scrolls of poison
 c - 5 scrolls of identify {unknown}
 d - a scroll of enchant weapon {unknown}
 e - 2 scrolls of butterflies {unknown}
 k - a scroll of vulnerability {unknown}
Potions
 f - a potion of heal wounds
 h - a potion of curing {unknown}
 i - 2 potions of flight {unknown}


   Skills:
 + Level 1.4 Fighting
 + Level 3.1 Ranged Weapons
 + Level 2.2 Dodging
 + Level 0.2 Stealth
 + Level 1.0 Spellcasting
 + Level 3.1 Hexes


You had 3 spell levels left.
You knew the following spells:

 Your Spells              Type           Power      Damage    Failure   Level
a - Slow                  Hex            32%        N/A       8%          1

Your spell library contained the following spells:

 Spells                   Type           Power      Damage    Failure   Level
 Inner Flame              Hex/Fire       4%         N/A       41%         3
 Portal Projectile        Hex/Tloc       8%         N/A       41%         3
 Cause Fear               Hex            4%         N/A       61%         4


Dungeon Overview and Level Annotations

Branches:
Dungeon (4/15)
 Temple: D:4-7

Altars:
Gozag
Hepliaklqana

Annotations:
D:3 1 transporter


Innate Abilities, Weirdness & Mutations

Your plain brown scales are hard. (AC +5)
You cannot fit into any form of body armour.
You are cold-blooded and may be slowed by cold attacks.


Message History

The scorpion barely misses you.
You shoot a sling bullet. The sling bullet hits the scorpion.
The scorpion is lightly wounded.
The scorpion stings you.
You shoot a sling bullet. The sling bullet hits the scorpion.
The scorpion is lightly wounded.
The scorpion stings you.
You are poisoned.
The scorpion poisons you!
You shoot a sling bullet.
The sling bullet hits the scorpion but does no damage.
The scorpion is lightly wounded.
You feel very sick. The scorpion stings you.
You shoot a sling bullet.
The sling bullet hits the scorpion but does no damage.
The scorpion is lightly wounded.
You feel very sick. The scorpion barely misses you.
You shoot a sling bullet.
The sling bullet closely misses the scorpion.
You feel sick.
The scorpion is no longer moving slowly.
The scorpion stings you. The worm bites you.
You are too injured to fight recklessly!
You are too injured to fight recklessly!
You are too injured to fight recklessly!
You feel sick. The scorpion barely misses you.
You feel sick. The scorpion stings you.
* * * LOW HITPOINT WARNING * * *
You are lethally poisoned!
The scorpion poisons you!
There is a stone staircase leading down here.
* * * LOW HITPOINT WARNING * * *
You feel very sick. The scorpion stings you.
* * * LOW HITPOINT WARNING * * *
The scorpion misses you.
You climb downwards.
You die...

###.#####
......s@#
###.#.#.#
# #.# #.#
#.# #.#
... #.#


You could see a scorpion.

Vanquished Creatures
  3 adders
  2 worms
  A dart slug (D:2)
  2 ball pythons
  3 endoplasms (D:2)
  A giant cockroach (D:2)
  2 hobgoblins (D:2)
  2 jackals (D:2)
  2 quokkas (D:2)
  A bat (D:1)
  A frilled lizard (D:2)
  6 goblins
  6 rats
32 creatures vanquished.

Vanquished Creatures (others)
  3 plants (D:3)
3 creatures vanquished.

Grand Total: 35 creatures vanquished

Notes
Turn   | Place    | Note
-------+----------+-------------------------------------------
     0 | D:1      | xian the Draconian Arcane Marksman began the quest for the
                  | Orb.
     0 | D:1      | Reached XP level 1. HP: 16/16 MP: 2/2
    82 | D:1      | You fall into a shaft and drop 1 floor!
   110 | D:2      | Reached XP level 2. HP: 8/23 MP: 3/3
   354 | D:2      | Found an opulent altar of Gozag.
   683 | D:2      | HP: 1/23 [hobgoblin (3)]
   686 | D:2      | Reached XP level 3. HP: 21/28 MP: 2/4
  1027 | D:3      | Noticed a scorpion
  1065 | D:3      | Found a transporter.
  1223 | D:3      | Identified the +9 trident of the Zealous God {elec, rF+
                  | Will+}
  1223 | D:3      | Identified the +1 buckler "Wuill" {Will+ Dex+3}
  1223 | D:3      | Noticed a gnoll sergeant
  1296 | D:3      | Found a hazy altar of Hepliaklqana.
  1296 | D:3      | Found an opulent altar of Gozag.
  1331 | D:3      | HP: 1/28 [scorpion (3)]
  1332 | D:4      | Succumbed to a scorpion's poison

Illustrated notes

Levels and vault maps discovered:
D:1:      sevenhm_arrival_forest_fort_small_6, layout_basic, serial_shops,
          nicolae_shop_waterfront, grunt_decor_one_mirror,
          minmay_misc_feat_nine_boxes, nrook_mini_backslash,
          minmay_misc_feat_rugged, minmay_domino_2
D:2:      layout_rooms, basic_altar
D:3:      layout_rooms, okawaru_gym_becter, jmf_multi_god_temple,
          gammafunk_ghost_gnarly_gnolls, serial_shops, shop, uniq_natasha
D:4:      layout_basic, uniq_menkaure, uniq_pikel

Skill      XL: |  1  2  3 |
---------------+----------+-----
Dodging        | 2 |  2.2
Hexes          | 3 |  3.1
Ranged Weapons | 2 3 |  3.1
Fighting       | |  1.4
Stealth        | |  0.2
Spellcasting   | |  1.0

Action                   || total
-------------------------++-------
 Fire: Sling             ||   154
 Cast: Slow              ||     6
  Use: Potion            ||     1
Armor: Skin              ||    58
Dodge: Dodged            ||    76
